 Dungeon Crawl Stone Soup version 0.31-a0-208-gdb31a4691d (webtiles) character file.

Game seed: 10752066805952926580

87 innerfire43 the Trooper (level 4, -5/37 HPs)
             Began as a Demonspawn Monk on June 28, 2023.
             Shot with an arrow by a centaur (7 damage)
             ... on level 3 of the Dungeon.
             The game lasted 00:02:16 (2105 turns).

innerfire43 the Trooper (Demonspawn Monk)           Turns: 2105, Time: 00:02:16

Health: -5/37      AC:  2    Str: 20    XL:     4   Next: 28%
Magic:  4/4        EV: 13    Int: 11    God:
Gold:   98         SH:  0    Dex: 15    Spells: 3/3 levels left

rFire   + . .        o - +3 short sword
rCold   + . .        d - orb {light}
rNeg    . . .        b - +0 robe
rPois   .            (helmet restricted)
rElec   .            n - scarf {rC+ rF+}
rCorr   .            (no gloves)
SInv    .            (no boots)
Will    .....        (no amulet)
Stlth   +            k - +6 ring of strength
HPRegen 0.26/turn    (no ring)
MPRegen 0.09/turn

%: no passive effects
@: glowing
A: antennae 2, demonic magic 1
a: no special abilities


You were on level 3 of the Dungeon.
You visited 1 branch of the dungeon, and saw 3 of its levels.

You collected 98 gold pieces.

Inventory:

Hand Weapons
 a - a +0 hand axe
 m - a +0 spear of freezing
 o - a +3 short sword (weapon)
Armour
 b - a +0 robe (worn)
 d - an orb of light (worn)
 n - a scarf of resistance (worn)
Jewellery
 k - a +6 ring of strength (left hand)
Scrolls
 e - a scroll of revelation {unknown}
 f - 3 scrolls of fear {unknown}
 g - 4 scrolls of teleportation {unknown}
 j - 3 scrolls of identify {unknown}
 l - a scroll of poison {unknown}
 p - 2 scrolls of immolation {unknown}
 r - a scroll of blinking {unknown}
Potions
 c - a potion of ambrosia
 h - 2 potions of enlightenment {unknown}
 i - a potion of heal wounds {unknown}
 q - 2 potions of brilliance {unknown}


   Skills:
 + Level 3.8 Fighting
 * Level 1.0 Short Blades
 - Level 3.2 Axes
 + Level 3.4 Dodging


You had 3 spell levels left.
You didn't know any spells.
Your spell library contained the following spells:

 Spells                   Type           Power      Damage    Failure   Level
 Slow                     Hex            0%         N/A       34%         1
 Confusing Touch          Hex            0%         N/A       71%         3
 Vampiric Draining        Necr           0%         2d6       71%         3
 Iskenderun's Battlesphe  Conj           0%         2d6       100%        5
 Leda's Unmaking          Conj/Erth      0%         9d1       100%        6
 Spellforged Servitor     Conj/Summ      0%         N/A       100%        7


Dungeon Overview and Level Annotations

Branches:
Dungeon (3/15)

Altars:

Shops:
D:2 ((


Innate Abilities, Weirdness & Mutations

You have a pair of antennae on your head.
Spells you cast may paralyse adjacent enemies.


Message History

The jackal misses you. The jackal bites you.
You hit the jackal.
You kill the jackal!
The jackal misses you. The jackal bites you. x2
The jackal completely misses you.
Your Short Blades skill increases to level 1!
There are monsters nearby!
You barely miss the jackal. The jackal misses you.
The jackal barely misses you.
There are monsters nearby!
You hit the jackal.
The jackal is heavily wounded.
The jackal closely misses you. x2
You hit the jackal.
You kill the jackal!
The jackal barely misses you. The jackal bites you.
A jackal is nearby!
You hit the jackal.
You kill the jackal!
A centaur comes into view.
The centaur shouts!
The centaur wields a +0 shortbow.
The centaur shoots an arrow.
The arrow barely misses you.
A rat comes into view.
Things that are here:
a +0 dagger; 5 stones; a kobold corpse
There are monsters nearby!
Found 5 gold pieces.
The centaur shoots an arrow.
The arrow hits you!
The centaur shoots an arrow.
The arrow hits you.
There are monsters nearby!
You are too injured to fight recklessly!
You are too injured to fight recklessly!
You are too injured to fight recklessly!
Unknown command.
The centaur shoots an arrow.
The arrow hits you!
* * * LOW HITPOINT WARNING * * *
You hit the rat.
You kill the rat!
The centaur shoots an arrow.
The arrow hits you!
You die...

+....##.#
#....##.# ..
#^...##.# ....
#....##.#.....
#..............
+.....†........
#...)####......
#....# ......
#...@# ##+###
#...†# #....#
.......
..c....##
....... .....$.
.......


You could see a centaur.

Vanquished Creatures
  An adder (D:3)
  10 endoplasms
  3 giant cockroaches (D:1)
  5 goblins
  10 hobgoblins
  5 jackals
  3 quokkas (D:2)
  9 ball pythons
  4 bats
  5 frilled lizards
  9 kobolds
  4 rats
68 creatures vanquished.

Notes
Turn   | Place    | Note
-------+----------+-------------------------------------------
     0 | D:1      | innerfire43 the Demonspawn Monk began the quest for the
                  | Orb.
     0 | D:1      | Reached XP level 1. HP: 18/18 MP: 1/1
   126 | D:1      | Gained mutation: You have a pair of small antennae on your
                  | head. [demonic ancestry]
   126 | D:1      | Reached XP level 2. HP: 24/24 MP: 2/2
   331 | D:1      | Gained mutation: You have a pair of antennae on your head.
                  | [demonic ancestry]
   331 | D:1      | Reached XP level 3. HP: 29/29 MP: 3/3
  1040 | D:2      | Found Siteb's Weapon Shop.
  1102 | D:2      | Found Elovy's Weapon Shoppe.
  1801 | D:2      | Gained mutation: Spells you cast may paralyse adjacent
                  | enemies. [demonic ancestry]
  1801 | D:2      | Reached XP level 4. HP: 35/37 MP: 4/4
  2098 | D:3      | Reached skill level 1 in Short Blades
  2101 | D:3      | Noticed a centaur
  2105 | D:3      | Shot with an arrow by a centaur

Illustrated notes

Levels and vault maps discovered:
D:1:      enne_arrival_octagon_isle, layout_basic
D:2:      layout_rooms, serial_co_window_serial, co_window_corner_a,
          co_window_of_opportunity_a, co_window_corner_a, co_window_paths_a,
          co_window_corner_a, co_window_corner_a, co_window_of_opportunity_a,
          co_window_paths_a, co_window_paths_b, co_window_corner_cb,
          co_window_unsneaky_path_b, co_window_corner_ca, co_window_sun,
          co_window_4corner_b, glass_columns_c, glass_columns_a,
          glass_columns_a, glass_columns_b, glass_columns_a, serial_shops, shop,
          shop, chequers_jeans, minmay_goblin_kobold_house
D:3:      layout_basic, minmay_unequal

Skill      XL: |  1  2  3  4 |
---------------+-------------+-----
Axes           | 3 |  3.2
Dodging        | 3 |  3.4
Short Blades   | 1 |  1.0
Fighting       | |  3.8

Action                     |  1- 3 |  4- 6 || total
---------------------------+-------+-------++-------
  Melee: Hand axe          |    96 |       ||    96
         Short sword       |    33 |    34 ||    67
 Armour: Robe              |    18 |     7 ||    25
  Dodge: Dodged            |    91 |    32 ||   123

Table legend: (Time is in decaauts)
 A = Elapsed time spent in this place.
 B = Non-inter-level travel time spent in this place.
 C = Inter-level travel time spent in this place.
 D = Time resting spent in this place.
 E = Time spent auto-exploring this place.
 F = Levels seen in this place.
 G = Mean time per level.
                   A        B        C        D        E       F      G
               +--------+--------+--------+--------+--------+-----+--------+
         Total |   2118 |   2034 |     84 |      0 |   1621 |   3 |  706.0 |
       Dungeon |   2118 |   2034 |     84 |      0 |   1621 |   3 |  706.0 |
               +--------+--------+--------+--------+--------+-----+--------+

Top non-repeatable levels by time:
     D:2: 1272 daAuts
     D:1: 737 daAuts
     D:3: 109 daAuts
